 Dungeon Crawl Stone Soup version 0.30-a0-335-ge5acde7520 (webtiles) character file.

Game seed: 2243882957818334913

282928 RascalDebosk the Sorcerer (level 21, -7/178 HPs)
             Began as a Djinni Conjurer on Oct 30, 2022.
             Was a Priest of Ashenzari.
             Killed from afar by an ironbound frostheart (37 damage)
             ... by creeping frost
             ... on level 2 of the Vaults.
             The game lasted 07:33:34 (40491 turns).

RascalDebosk the Sorcerer (Djinni Conjurer)        Turns: 40491, Time: 07:33:35

Health: -7/178     AC: 19    Str:  9    XL:     21   Next: 41%
Gold:   798        EV: 14    Int: 32    God:    Ashenzari [***...] SH:  9 Dex: 14

rFire   + + +      SeeInvis +    Z - +11 falchion "Rourchel" {vorpal, Int+3}
rCold   . . .      Faith    .    L - +3 warlock's mirror {reflect, Self, Fort} (curse)
rNeg    . . .      Spirit   .    N - +4 troll leather armour
rPois   ∞          Reflect  +    S - +1 helmet "Unveiling Portent" {Will+ Regen+ Str+3, Cun, Self} (curse)
rElec   +          Harm     .    X - +2 cloak
rCorr   +          Rampage  .    n - +2 pair of gloves of the Lashed Sage {+Blink rElec Regen+ Stlth-, Self, Cun} (curse)
Will    +++..      Clarity  +    (boots unavailable)
Stlth   +.........               E - amulet "Behold Eternity" {Regen+, Fort, Self} (curse)
HPRegen 3.69/turn                G - ring of protection from cold
MPRegen 0.00/turn                j - ring of Syndicalism {rF+ rCorr SInv}

@: flying
A: sickness immunity, fire resistance 2, cold vulnerability 1, float, innate
caster, HP casting, extra vitality 1
}: 2/15 runes: serpentine, barnacled
a: Renounce Religion, Evoke Blink, Curse Item, Shatter the Chains


You were on level 2 of the Vaults.
You worshipped Ashenzari.
Ashenzari was most pleased with you.
You visited 7 branches of the dungeon, and saw 33 of its levels.
You visited 1 bazaar.
You also visited: Gauntlet.

You collected 4064 gold pieces.
You spent 3266 gold pieces at shops.

Inventory:

Hand Weapons
 Z - the +11 falchion "Rourchel" (weapon) {vorpal, Int+3}
   (You took it off a merfolk impaler on level 2 of the Shoals)

   It inflicts extra damage upon your enemies.
   Int:       It affects your intelligence (+3).
Armour
 n - the cursed +2 pair of gloves of the Lashed Sage (worn) {+Blink rElec Regen+ Stlth-, Self, Cun}
   (You acquired it on level 12 of the Dungeon)

   rElec:     It insulates you from electricity.
   +Blink:    It lets you blink.
   Regen:     It increases your rate of health regeneration.
   Stlth:     It makes you less stealthy.
   It has a curse which improves the following skills: Introspection: Fighting
   and Spellcasting.
   Cunning:   Dodging and Stealth.
 L - the cursed +3 warlock's mirror (worn) {reflect, Self, Fort}
   (You acquired it on level 12 of the Dungeon)

   It can block and reflect piercing ranged attacks and magical attacks against
   the wielder's willpower.
   It has a curse which improves the following skills: Introspection: Fighting
   and Spellcasting.
   Fortitude: Armour and Shields.
 N - a +4 troll leather armour (worn)
 S - the cursed +1 helmet "Unveiling Portent" (worn) {Will+ Regen+ Str+3, Cun, Self}
   (You found it on level 2 of the Snake Pit)

   Str:       It affects your strength (+3).
   Regen:     It increases your rate of health regeneration.
   Will:      It increases your willpower.
   It has a curse which improves the following skills: Cunning: Dodging and
   Stealth.
   Introspection: Fighting and Spellcasting.
 X - a +2 cloak (worn)
Jewellery
 j - the ring of Syndicalism (right hand) {rF+ rCorr SInv}
   (You acquired it on level 2 of the Lair of Beasts)

   [ring of protection from fire]

   rF:        It protects you from fire.
   SInv:      It lets you see invisible.
   rCorr:     It protects you from acid and corrosion.
 o - a +4 ring of protection
 u - a +6 ring of intelligence
 A - a ring of positive energy
 E - the cursed amulet "Behold Eternity" (around neck) {Regen+, Fort, Self}
   (You found it on level 7 of the Dungeon)

   [amulet of regeneration]

   Regen:     It increases your rate of health regeneration.
   It has a curse which improves the following skills: Fortitude: Armour and
   Shields.
   Introspection: Fighting and Spellcasting.
 G - a ring of protection from cold (left hand)
Wands
 k - a wand of light (26)
 m - a wand of polymorph (11)
 p - a wand of flame (122)
 s - a wand of roots (19)
 H - a wand of charming (7)
 U - a wand of mindburst (15)
 W - a wand of digging (6)
Scrolls
 e - 5 scrolls of immolation
 f - 7 scrolls of fog
 g - 4 scrolls of blinking
 i - a scroll of magic mapping
 q - 8 scrolls of poison
 t - 20 scrolls of teleportation
 v - 3 scrolls of summoning
 w - 3 scrolls of enchant weapon
 y - 6 scrolls of vulnerability
 I - 3 scrolls of fear
 Q - 3 scrolls of silence
Potions
 a - a potion of resistance
 b - 5 potions of heal wounds
 c - 10 potions of lignification
 d - 14 potions of curing
 h - 11 potions of haste
 l - 5 potions of might
 x - 8 potions of attraction
 D - 2 potions of cancellation
 J - 12 potions of brilliance
 O - 2 potions of invisibility
 P - 8 potions of mutation
 R - 2 potions of ambrosia
 T - 2 potions of berserk rage
Miscellaneous
 z - a phantom mirror
 B - a box of beasts
 C - a lightning rod (4/4)
 F - a phial of floods
 V - a condenser vane


   Skills:
 + Level 20.2(23.8) Fighting
 - Level 7.0(9.5) Armour
 - Level 5.0(7.4) Dodging
 - Level 1.5(3.2) Stealth
 - Level 5.0(7.3) Shields
 * Level 22.1(25.6) Spellcasting
 - Level 5.0 Evocations


You had 12 spell levels left.
You knew the following spells:

 Your Spells              Type           Power      Damage    Failure   Level
a - Magic Dart            Conj           100%       1d8       0%          1
b - Searing Ray           Conj           100%       2d8       0%          2
c - Dazzling Flash        Conj/Hex       100%       N/A       0%          3
d - Fulminant Prism       Conj/Hex       58%        3d24      0%          4
e - Iskenderun's Mystic   Conj/Tloc      100%       2d19      0%          4
f - Freeze                Ice            100%       1d10      0%          1
g - Wereblood             Tmut           100%       N/A       0%          2
h - Lesser Beckoning      Tloc           100%       N/A       0%          3
i - Swiftness             Air            100%       N/A       0%          3
j - Summon Lightning Spi  Summ/Air       100%       N/A       0%          4
k - Freezing Cloud        Conj/Ice/Air   58%        6-21      0%          5
l - Starburst             Conj/Fire      58%        6d16      0%          6
m - Monstrous Menagerie   Summ           58%        N/A       1%          7
n - Dispersal             Tloc           58%        N/A       0%          6
o - Borgnjor's Revivific  Necr           58%        N/A       1%          8
Your spell library was empty.

Dungeon Overview and Level Annotations

Branches:
Dungeon (15/15)            Temple (1/1) D:5            Lair (5/5) D:8
 Shoals (4/4) Lair:2        Snake (4/4) Lair:2        Slime (0/5) Lair:5
    Orc (2/2) D:9             Elf (0/3) Orc:2        Vaults (2/5) D:13
 Depths (0/4) D:15        Gauntlet (visited)
  Crypt: Vaults:2-3

Altars:
Ashenzari
Cheibriados
Elyvilon
Fedhas
Gozag
Hepliaklqana
Makhleb
Nemelex Xobeh
Okawaru
Qazlal
Ru
Trog
Uskayaw
Wu Jian
Xom
Yredelemnul
Zin
The Shining One
Jiyva
Lugonu

Shops:
D:6 (   D:10 [   Orc:2 *:[(   Shoals:1 [   Shoals:3 *   Snake:2 (*?   Snake:3 *
Snake:4 !

Portals:
Abyss: Lair:5
Trove: D:11 (give 3 potions of resistance)

Annotations:
D:13 2 transporters, 3 runed translucent doors, KennySheep's ghost, journeyman DgCj


Innate Abilities, Weirdness & Mutations

You are immune to sickness and miasma.
You are immune to poison.
Your flesh is very heat resistant. (rF++)
You are vulnerable to cold. (rC-)
You float through the air rather than walking.
You learn spells naturally, not from books.
Your magical power is your life essence.
You have superior vitality. (+4 MHP)


Message History

Press: ? - help, Dir - look around, f - activate The bolt of fire hits the ironbound preserver!!
The ironbound preserver is almost dead.
You hear a sizzling sound!
* * * LOW HITPOINT WARNING * * *
You kill the ironbound preserver!
The centaur warrior shoots an arrow.
The arrow misses you.
The ironbound convoker points at the ironbound preserver and mumbles some strange words.
The ironbound preserver seems to grow stronger.
Things that are here:
a +0 mace; a +0 ring mail The centaur warrior unwields a +0 shortbow.
The centaur warrior closely misses you.
The centaur warrior kicks you but does no damage.
The ironbound preserver casts a spell.
The ironbound preserver begins to accept its allies' injuries.
The yaktaur shoots a bolt.
The bolt completely misses you.
There is a stone staircase leading down here.
Casting: Starburst (safe; 0% risk of failure)
Confirm with . or Enter, or press ? or * to list all spells.
Casting: Starburst (safe; 0% risk of failure)
Press: ? - help, Dir - look around, f - activate The bolt of fire hits the centaur warrior!!!
The centaur warrior is severely wounded.
The bolt of fire hits the ironbound convoker!!!
The ironbound convoker is severely wounded.
The bolt of fire hits the vault sentinel!!!
The vault sentinel is heavily wounded.
The bolt of fire hits the ironbound preserver!!!
You kill the ironbound preserver!
You hear a sizzling sound!
You block the centaur warrior's attack.
The centaur warrior kicks you but does no damage.
The vault sentinel blows a loud note on a signal horn!
You hear a shout! x3
Casting: Starburst (safe; 0% risk of failure)
Confirm with . or Enter, or press ? or * to list all spells.
An electric hum fills the air.
The centaur warrior hits you!
* * * LOW HITPOINT WARNING * * *
The centaur warrior kicks you but does no damage.
Strange energies crackle from the ironbound thunderhulk's apparatus.
The ironbound thunderhulk blinks!
You block the centaur warrior's attack. The centaur warrior closely misses you.
The yaktaur shoots a bolt.
The bolt hits you.
* * * LOW HITPOINT WARNING * * *
Casting: Summon Lightning Spire (safe; 0% risk of failure)
Confirm with . or Enter, or press ? or * to list all spells.
Casting: Starburst (safe; 0% risk of failure)
Press: ? - help, Dir - look around, f - activate The bolt of fire misses the centaur warrior.
The bolt of fire hits the vault sentinel!!!
You kill the vault sentinel!
The bolt of fire hits the ironbound convoker!!
You kill the ironbound convoker!
The bolt of fire hits your lightning spire!
Your lightning spire resists.
Your lightning spire is lightly damaged.
* * * LOW HITPOINT WARNING * * *
Your lightning spire disappears in a puff of smoke!
The centaur warrior hits you but does no damage.
The centaur warrior kicks you but does no damage.
Strange energies crackle from the ironbound thunderhulk's apparatus.
The ironbound thunderhulk blinks!
The yaktaur shoots a bolt.
You reflect the bolt off your cursed +3 warlock's mirror {reflect, Self, Fort}!
The bolt hits the yaktaur!!
Casting: Starburst (safe; 0% risk of failure)
Confirm with . or Enter, or press ? or * to list all spells.
Casting: Starburst (safe; 0% risk of failure)
Press: ? - help, Dir - look around, f - activate The bolt of fire misses the centaur warrior.
The bolt of fire hits the vault sentinel!!!
You kill the vault sentinel!
* * * LOW HITPOINT WARNING * * *
The centaur warrior misses you.
The centaur warrior kicks you but does no damage.
Strange energies crackle from the ironbound thunderhulk's apparatus.
The ironbound thunderhulk blinks!
The centaur warrior hits you but does no damage.
The centaur warrior barely misses you.
The yaktaur shoots a bolt.
The bolt hits you!!
* * * LOW HITPOINT WARNING * * *
Casting: Starburst (safe; 0% risk of failure)
Confirm with . or Enter, or press ? or * to list all spells.
Casting: Starburst (safe; 0% risk of failure)
Press: ? - help, Dir - look around, f - activate The bolt of fire hits the centaur warrior!!!
You kill the centaur warrior!
* * * LOW HITPOINT WARNING * * *
An ironbound frostheart comes into view.
A centaur warrior comes into view.
The yaktaur shoots a bolt.
The bolt hits you!
* * * LOW HITPOINT WARNING * * *
Casting: Starburst (safe; 0% risk of failure)
Confirm with . or Enter, or press ? or * to list all spells.
Aiming: Freezing Cloud (safe; 0% risk of failure)
Press: ? - help, Dir - move target
* * * LOW HITPOINT WARNING * * *
The ironbound frostheart calls freezing cold from the walls.
The frost grips you!!!
You die...

, , #....###### , * ,
#.§..#.§§.. * #.§..#§.§..
* , , #.§§§).§.. * *
#§§c§c§.. ,, #§§§.# , ,
#§§§.# , ,, , #))..####
###############@)O)))..
#.............'.)..#p.§.,,
#.......).....######+### *
#.............# , , ,
#.............# , ,, ,
#.............# * * , *
#.....).......# ,, ,
*######)####### #....[.# ,


You could see an ironbound thunderhulk, an ironbound frostheart, a centaur
warrior and a yaktaur.

Vanquished Creatures
  Mara (Snake:4)
  Vashnia (Snake:4)
  Asterion (Vaults:1)
  Mlioglotl (Shoals:4)
  A kraken (Shoals:4)
  Polyphemus (Shoals:2)
  Kirke (Shoals:2)
  4 nagarajas (Snake:4)
  Ilsuiw (Shoals:4)
  5 vault wardens
  9 ironbound preservers
  A war gargoyle (Vaults:1)
  A stone giant (Vaults:1)
  A very ugly thing (Vaults:1)
  3 ironbound thunderhulks
  4 dire elephants (Vaults:2)
  A minotaur (Gauntlet)
  The ghost of Zocoaz the Skirmisher, a journeyman MiHu of Gozag (D:12)
  5 merfolk javelineers (Shoals:4)
  Josephine (D:15)
  10 merfolk impalers
  An ice dragon (D:14)
  2 great orbs of eyes
  10 vault guards
  A salamander tyrant (Snake:2)
  4 ironbound frosthearts
  4 merfolk avatars
  8 centaur warriors
  An ogre mage (Orc:2)
  Erica (Orc:1)
  5 hydras
  An alligator snapping turtle (Shoals:2)
  2 catoblepae
  2 merfolk aquamancers
  A satyr (Shoals:4)
  15 naga warriors
  7 anacondas
  A two-headed ogre (D:13)
  2 tengu warriors (D:14)
  3 death yaks (Shoals:2)
  A boulder beetle (D:12)
  3 thrashing horrors (Lair:5)
  3 shock serpents
  26 naga sharpshooters
  3 salamander mystics
  2 sixfirhies (Gauntlet)
  5 skeletal warriors (D:11)
  Lodul (D:11)
  27 deep trolls
  14 sea snakes
  3 glowing orange brains
  An orc knight (Orc:1)
  3 naga ritualists
  18 harpies
  2 wizards
  8 ironbound convokers
  5 lindwurms
  A necromancer (Vaults:1)
  2 deep elf pyromancers
  2 phantasmal warriors (D:12)
  7 fauns
  A mana viper (shapeshifter) (D:15)
  11 salamanders
  11 mana vipers
  29 ugly things
  8 orc sorcerers
  4 cyclopes
  5 manticores
  5 merfolk sirens
  3 guardian serpents (Snake:3)
  20 naga magi
  7 water nymphs
  9 cane toads
  15 elephants (Lair:5)
  An ice statue (D:14)
  An apocalypse crab (Gauntlet)
  A gargoyle (D:11)
  25 black mambas
  6 vault sentinels
  Psyche (D:11)
  An unseen horror (D:11)
  A yaktaur (shapeshifter) (Lair:5)
  A rime drake (Lair:4)
  3 freezing wraiths (D:12)
  A tengu conjurer (D:15)
  5 komodo dragons
  16 yaktaurs
  An ancient zyme (Lair:5)
  3 polar bears
  2 wolf spider simulacra (D:14)
  8 trolls
  15 merfolk
  3 wind drakes
  3 meliai (D:15)
  4 dream sheep
  11 slime creatures
  11 snapping turtles
  20 blink frogs
  A spriggan (shapeshifter) (Lair:5)
  Sigmund (D:6)
  3 wraiths (D:15)
  A shadow (D:10)
  A centaur simulacrum (D:14)
  2 wyverns
  5 water elementals
  2 humans (Shoals:2)
  32 yaks
  3 hogs (Shoals:2)
  3 basilisks
  11 vampire mosquitoes
  Edmund (D:6)
  5 chaos spawn (Lair:5)
  3 steam dragons
  2 wargs
  51 nagas
  9 water moccasins
  7 orc warriors
  4 ice beasts
  4 black bears
  3 sky beasts
  The ghost of Darkkill the Shooter, an amateur MiHu (D:3)
  14 ogres
  8 centaurs
  8 wolves
  3 kobold brigands
  2 phantoms (D:6)
  6 scorpions
  Blork the orc (D:6)
  5 bullfrogs
  A bullfrog (shapeshifter) (D:14)
  A necrophage (D:6)
  17 wights
  4 killer bees (D:8)
  4 howler monkeys
  3 electric eels
  8 small abominations (Lair:5)
  4 hounds
  5 jellies
  11 orc priests
  2 gnoll boudas
  3 iguanas
  Natasha (thrice) (D:2)
  27 orc wizards
  9 gnolls
  9 adders
  6 river rats (D:6)
  A shadow imp (D:6)
  4 white imps
  An ufetubus (D:5)
  A worm (D:5)
  3 dart slugs
  57 orcs
  5 ball pythons
  4 bats
  12 endoplasms
  3 giant cockroaches
  7 goblins
  3 hobgoblins
  9 quokkas
  5 frilled lizards
  17 kobolds
  18 rats
  A butterfly (Lair:5)
  A fulminant prism (D:8)
  A starspawn tentacle (Shoals:4)
  A tentacle (Shoals:4)
1007 creatures vanquished.

Vanquished Creatures (collateral kills)
  The ghost of Mecsish the Tortoise, an adept AtWn of Uskayaw (Shoals:2)
  A nagaraja (Snake:2)
  A merfolk impaler (Shoals:3)
  An entropy weaver (shapeshifter) (D:14)
  A yaktaur captain (Vaults:1)
  A great orb of eyes (Vaults:1)
  2 vault guards (D:13)
  Fannar (Orc:1)
  A merfolk javelineer (Shoals:2)
  A rakshasa (D:14)
  A salamander tyrant (Snake:4)
  3 hydras
  3 centaur warriors
  2 catoblepae
  2 ogre magi (Orc:2)
  An anaconda (Snake:1)
  A merfolk aquamancer (Shoals:4)
  A satyr (Shoals:3)
  A merfolk avatar (Shoals:3)
  2 naga warriors
  3 naga sharpshooters
  A thrashing horror (Lair:5)
  Urug (D:11)
  Sonja (D:11)
  A salamander mystic (Snake:2)
  A deep troll (Vaults:2)
  A sea snake (Shoals:3)
  4 ironbound convokers
  2 harpies (Shoals:3)
  A mana viper (Snake:4)
  A lindwurm (Vaults:2)
  An orc knight (D:15)
  A deep elf pyromancer (D:15)
  An oklob plant (Lair:2)
  2 ugly things
  2 wolf spiders (Lair:1)
  A cyclops (D:12)
  3 salamanders (Snake:2)
  An orc sorcerer (Orc:2)
  2 manticores
  A faun (Shoals:1)
  A merfolk siren (Shoals:3)
  2 black mambas
  6 naga magi
  3 cane toads
  2 smoke demons (Lair:5)
  3 komodo dragons
  2 efreet
  2 yaktaurs (Vaults:1)
  2 ancient zymes (Lair:5)
  5 trolls
  7 merfolk
  2 wind drakes (Shoals:4)
  A tarantella (shapeshifter) (D:15)
  2 hornets (D:9)
  12 slime creatures
  6 blink frogs
  5 dream sheep
  A centaur simulacrum (D:14)
  A hog (Shoals:2)
  20 yaks
  A chaos spawn (Lair:5)
  A steam dragon (D:8)
  2 basilisks (Lair:5)
  A warg (D:15)
  12 nagas
  3 orc warriors
  2 small abominations (Lair:5)
  5 wolves
  4 centaurs (D:15)
  2 bullfrogs (Lair:1)
  5 wights (D:9)
  3 orc priests
  11 orc wizards
  2 gnolls (D:10)
  21 orcs
  6 kobolds (D:8)
  A fulminant prism (D:9)
227 creatures vanquished.

Vanquished Creatures (others)
  2 naga magi
  A human (Shoals:2)
  An orc wizard (D:8)
  An orc (Orc:1)
  92 fulminant prisms
  39 fungi
  88 plants
  3 starspawn tentacles (Shoals:4)
  4 tentacles (Shoals:4)
231 creatures vanquished.

Grand Total: 1465 creatures vanquished

Notes
Turn   | Place    | Note
-------+----------+-------------------------------------------
     0 | D:1      | RascalDebosk the Djinni Conjurer began the quest for the
                  | Orb.
     0 | D:1      | RascalDebosk set off with the following spells memorised:
                  | Magic Dart, Searing Ray, Dazzling Flash, Fulminant Prism,
                  | Iskenderun's Mystic Blast.
     0 | D:1      | Reached XP level 1. HP: 15/15 MP: 0/0
   124 | D:1      | Reached XP level 2. HP: 19/21 MP: 0/0
   427 | D:1      | Reached XP level 3. HP: 24/25 MP: 0/0
   427 | D:1      | Learned a level 1 spell: Freeze
   778 | D:1      | Reached skill level 4 in Spellcasting
   990 | D:2      | Reached XP level 4. HP: 30/31 MP: 0/0
  1027 | D:2      | Noticed Natasha
  1030 | D:2      | Killed Natasha
  1031 | D:2      | Reached skill level 1 in Fighting
  1276 | D:2      | Noticed Natasha
  1282 | D:2      | Killed Natasha
  1283 | D:2      | Reached XP level 5. HP: 23/38 MP: 0/0
  1283 | D:2      | Learned a level 2 spell: Wereblood
  1532 | D:2      | Noticed Natasha
  1538 | D:2      | Killed Natasha
  1539 | D:2      | Reached XP level 6. HP: 31/43 MP: 0/0
  1781 | D:3      | Reached skill level 5 in Spellcasting
  1892 | D:3      | Found a large runed translucent door.
  1906 | D:3      | Found a large runed translucent door.
  1909 | D:3      | Noticed Darkkill's ghost (amateur MiHu)
  2115 | D:3      | Killed Darkkill's ghost
  2116 | D:3      | Reached skill level 1 in Armour
  2511 | D:4      | Reached XP level 7. HP: 34/50 MP: 0/0
  2511 | D:4      | Learned a level 3 spell: Lesser Beckoning
  2660 | D:4      | Found a basalt altar of Yredelemnul.
  2916 | D:4      | Found a bloodstained altar of Trog.
  3118 | D:5      | Entered Level 5 of the Dungeon
  3144 | D:5      | Reached XP level 8. HP: 50/58 MP: 0/0
  3192 | D:5      | Reached skill level 6 in Spellcasting
  3379 | D:5      | Found a staircase to the Ecumenical Temple.
  3405 | Temple   | Entered the Ecumenical Temple
  3584 | Temple   | Became a worshipper of Ashenzari the Shackled
  3616 | D:5      | Found a hide-covered altar of Uskayaw.
  4397 | D:6      | Reached XP level 9. HP: 53/64 MP: 0/0
  4397 | D:6      | Learned a level 3 spell: Swiftness
  4449 | D:6      | Found Xaprone's Weapon Boutique.
  4477 | D:6      | Noticed Blork the orc
  4487 | D:6      | Killed Blork the orc
  4488 | D:6      | Reached skill level 5 in Fighting
  4488 | D:6      | Reached skill level 7 in Spellcasting
  4904 | D:6      | Noticed Edmund
  5038 | D:6      | Reached skill level 5 in Armour
  5116 | D:6      | Noticed Sigmund
  5120 | D:6      | Killed Sigmund
  5380 | D:6      | Killed Edmund
  5559 | D:7      | Reached skill level 8 in Spellcasting
  5733 | D:7      | Reached XP level 10. HP: 66/73 MP: 0/0
  5899 | D:7      | Noticed a red ugly thing
  5909 | D:7      | Killed a red ugly thing
  5923 | D:7      | Reached skill level 9 in Spellcasting
  6665 | D:8      | Noticed a manticore
  6682 | D:8      | Killed a manticore
  6683 | D:8      | Reached XP level 11. HP: 33/81 MP: 0/0
  6683 | D:8      | Learned a level 4 spell: Summon Lightning Spire
  6766 | D:8      | Identified the +1 robe of Measah {rN+++ Str+5 Stlth-}
  6947 | D:8      | Found a white marble altar of Elyvilon.
  7112 | D:8      | Reached skill level 10 in Spellcasting
  7308 | D:8      | Found a staircase to the Lair.
  7708 | D:9      | Found a stormy altar of Qazlal.
  7710 | D:9      | You are sucked into a shaft and drop 3 floors!
  7711 | D:12     | Noticed a cyclops
  7717 | D:12     | Killed a cyclops
  7722 | D:12     | Identified the +3 short sword of Luxury {drain, Fragile rF-
                  | Str+10 Int+3}
  7752 | D:12     | Noticed a cyan ugly thing
  7759 | D:12     | Killed a cyan ugly thing
  7913 | D:12     | Found a runed translucent gate.
  7913 | D:12     | Found a runed translucent gate.
  7913 | D:12     | Found a runed translucent gate.
  7938 | D:12     | Identified the +2 ring mail "Wohiq" {rF++}
  8152 | D:12     | Reached skill level 11 in Spellcasting
  8153 | D:12     | Reached skill level 1 in Evocations
  8273 | D:12     | Noticed a boulder beetle
  8283 | D:12     | Killed a boulder beetle
  8284 | D:12     | Reached XP level 12. HP: 79/90 MP: 0/0
  8490 | D:12     | Noticed Zocoaz's ghost (journeyman MiHu)
  8494 | D:12     | Identified 2 scrolls of acquirement
  8494 | D:12     | Acquired the +3 warlock's mirror {reflect}
  8494 | D:12     | Found the +3 warlock's mirror {reflect}
  8505 | D:12     | Acquired the +2 pair of gloves of Eticyc {+Blink rElec
                  | Regen+ Stlth-}
  8573 | D:11     | Noticed Lodul
  8577 | D:11     | Reached skill level 1 in Shields
  8577 | D:11     | Killed Lodul
  8664 | D:11     | Found a sacrificial altar of Ru.
  8720 | D:11     | Noticed a skeletal warrior
  8720 | D:11     | Noticed a skeletal warrior
  8720 | D:11     | Noticed a skeletal warrior
  8720 | D:11     | Noticed a skeletal warrior
  8724 | D:11     | Noticed a skeletal warrior
  8731 | D:11     | Killed a skeletal warrior
  8732 | D:11     | Reached skill level 10 in Fighting
  8732 | D:11     | Killed a skeletal warrior
  8736 | D:11     | Killed a skeletal warrior
  8740 | D:11     | Killed a skeletal warrior
  8745 | D:11     | Killed a skeletal warrior
  8859 | D:11     | Noticed Sonja
  8862 | D:11     | Killed Sonja
  8863 | D:11     | Reached skill level 12 in Spellcasting
  8926 | D:11     | Noticed Urug
  8933 | D:11     | Killed Urug
  8949 | D:11     | Noticed Psyche
  8954 | D:11     | Killed Psyche
  9075 | D:11     | Found a portal to a secret trove of treasure.
  9377 | D:10     | Entered Level 10 of the Dungeon
  9385 | D:10     | Identified the +1 scale mail of the Tired Nightcaps
                  | {Rampage rElec rF+ Str-4}
  9529 | D:10     | Found Usits's Antique Armour Boutique.
  9535 | D:10     | Bought a glowing troll leather armour for 522 gold pieces
  9609 | D:10     | Reached XP level 13. HP: 97/97 MP: 0/0
  9609 | D:10     | Learned a level 5 spell: Freezing Cloud
  9818 | D:10     | Found a hazy altar of Hepliaklqana.
  9986 | D:9      | Reached skill level 5 in Shields
 10142 | D:9      | Found a staircase to the Orcish Mines.
 10937 | Orc:1    | Entered Level 1 of the Orcish Mines
 10953 | Orc:1    | Noticed Fannar
 10961 | Orc:1    | Killed Fannar
 10970 | Orc:1    | Noticed Erica
 10987 | Orc:1    | Killed Erica
 11401 | Orc:2    | Entered Level 2 of the Orcish Mines
 11419 | Orc:2    | Found a burning altar of Makhleb.
 11605 | Orc:2    | Reached skill level 13 in Spellcasting
 11621 | Orc:2    | Found Lafrot's Book Shop.
 11645 | Orc:2    | Noticed an ogre mage
 11648 | Orc:2    | Paralysed by an ogre mage for 5 turns
 11649 | Orc:2    | Killed an ogre mage
 11758 | Orc:2    | Found Uradong's Antique Weapon Boutique.
 11779 | Orc:2    | Noticed an ogre mage
 11785 | Orc:2    | Killed an ogre mage
 11864 | Orc:2    | Noticed an ogre mage
 11869 | Orc:2    | Found Tasiryca's Antique Armour Boutique.
 11872 | Orc:2    | Paralysed by an orc sorcerer for 5 turns
 11874 | Orc:2    | Killed an ogre mage
 11893 | Orc:2    | Found Osashili's Distillery.
 11896 | Orc:2    | Bought a creamy pearl robe for 159 gold pieces
 11896 | Orc:2    | Identified the +0 robe "Qoosmaz" {rElec Str+4 Dex-5} (You
                  | bought it in a shop on level 2 of the Orcish Mines)
 11904 | Orc:2    | Bought 2 potions of brilliance for 104 gold pieces
 11904 | Orc:2    | Bought a potion of brilliance for 52 gold pieces
 11904 | Orc:2    | Bought a potion of brilliance for 52 gold pieces
 11904 | Orc:2    | Bought a potion of invisibility for 104 gold pieces
 11904 | Orc:2    | Bought a potion of invisibility for 104 gold pieces
 11904 | Orc:2    | Bought a potion of mutation for 104 gold pieces
 11904 | Orc:2    | Bought a potion of cancellation for 104 gold pieces
 11904 | Orc:2    | Bought a potion of brilliance for 52 gold pieces
 11904 | Orc:2    | Bought a potion of heal wounds for 65 gold pieces
 11904 | Orc:2    | Bought a potion of haste for 130 gold pieces
 12000 | Orc:2    | Found Dewo's General Store.
 12008 | Orc:2    | Bought a potion of lignification for 45 gold pieces
 12008 | Orc:2    | Bought a wand of roots (2) for 72 gold pieces
 12008 | Orc:2    | Bought a potion of lignification for 45 gold pieces
 12008 | Orc:2    | Bought a scroll of poison for 60 gold pieces
 12056 | Orc:2    | Found a staircase to the Elven Halls.
 12145 | Orc:1    | Reached skill level 5 in Evocations
 12303 | Lair:1   | Entered Level 1 of the Lair of Beasts
 12325 | Lair:1   | Reached XP level 14. HP: 105/106 MP: 0/0
 12454 | Lair:1   | Found a gate leading to a gauntlet.
 12463 | Gauntlet | Entered a Gauntlet
 12463 | Gauntlet | Found a transporter.
 12472 | Gauntlet | Found a transporter.
 12490 | Gauntlet | Found a transporter.
 12493 | Gauntlet | Found a transporter.
 12495 | Gauntlet | Found a large runed translucent door.
 12496 | Gauntlet | Found a large runed translucent door.
 12497 | Gauntlet | Found a large runed translucent door.
 12497 | Gauntlet | Found a large runed translucent door.
 12497 | Gauntlet | Found a runed translucent door.
 12498 | Gauntlet | Found a large runed translucent door.
 12499 | Gauntlet | Found a runed translucent door.
 12500 | Gauntlet | Found a large runed translucent door.
 12500 | Gauntlet | Found a large runed translucent door.
 12500 | Gauntlet | Found a large runed translucent door.
 12501 | Gauntlet | Found a large runed translucent door.
 12502 | Gauntlet | Found a large runed translucent door.
 12503 | Gauntlet | Found a large runed translucent door.
 12503 | Gauntlet | Found a large runed translucent door.
 12536 | Gauntlet | Found a large runed translucent door.
 12536 | Gauntlet | Found a large runed translucent door.
 12536 | Gauntlet | Found a large runed translucent door.
 12536 | Gauntlet | Found a large runed translucent door.
 12536 | Gauntlet | Noticed a quicksilver ooze
 12539 | Gauntlet | Found a runed translucent gate.
 12539 | Gauntlet | Found a runed translucent gate.
 12539 | Gauntlet | Found a transporter.
 12539 | Gauntlet | Found a transporter.
 12539 | Gauntlet | Found a runed translucent gate.
 12540 | Gauntlet | Found a transporter.
 12541 | Gauntlet | Found a transporter.
 12582 | Gauntlet | Found a transporter.
 12587 | Gauntlet | Found a transporter.
 12591 | Gauntlet | Found a transporter.
 12602 | Gauntlet | Found a transporter.
 12649 | Gauntlet | Identified the +2 hat "Zuofiplat" {rPois Dex+5}
 12715 | Gauntlet | Noticed a minotaur
 12721 | Gauntlet | Killed a minotaur
 13721 | Lair:1   | Identified the +1 leather armour "Saym" {Drain +Blink +Inv
                  | Str+2}
 13759 | Lair:1   | Reached skill level 14 in Spellcasting
 14312 | Lair:2   | You are sucked into a shaft and drop 2 floors!
 14515 | Lair:2   | Reached skill level 5 in Dodging
 14795 | Lair:2   | Found a staircase to the Snake Pit.
 15355 | Lair:2   | Found a staircase to the Shoals.
 15420 | Lair:2   | Acquired the ring of Syndicalism {rF+ rCorr SInv}
 15457 | Lair:2   | Found a shimmering altar of Xom.
 17895 | Lair:4   | Reached * piety under Ashenzari
 18327 | Lair:5   | Entered Level 5 of the Lair of Beasts
 18404 | Lair:5   | Reached XP level 15. HP: 116/118 MP: 0/0
 18404 | Lair:5   | Learned a level 6 spell: Starburst
 18408 | Lair:5   | Found a viscous altar of Jiyva.
 18409 | Lair:5   | Found a staircase to the Slime Pits.
 18631 | Lair:5   | Reached skill level 15 in Spellcasting
 19089 | Lair:5   | Found a corrupted altar of Lugonu.
 19098 | Lair:5   | Identified the +2 rapier of Hurugig {vorpal, rElec rF-
                  | Dex+4}
 19138 | Lair:5   | Found a one-way gate to the infinite horrors of the Abyss.
 20285 | Snake:1  | Entered Level 1 of the Snake Pit
 20622 | Snake:1  | Reached skill level 16 in Spellcasting
 21065 | Snake:1  | Reached XP level 16. HP: 116/127 MP: 0/0
 22056 | Snake:1  | Reached ** piety under Ashenzari
 22690 | Snake:2  | Noticed a nagaraja
 22698 | Snake:2  | Killed a nagaraja
 22743 | Snake:2  | Reached skill level 15 in Fighting
 23000 | Snake:2  | Found Ongaw's Magic Scroll Emporium.
 23002 | Snake:2  | Found Tihou's Assorted Antiques.
 23005 | Snake:2  | Found Zynyetep's Antique Weapon Emporium.
 23010 | Snake:2  | Bought a scroll of enchant armour for 90 gold pieces
 23013 | Snake:2  | Bought a potion of curing for 81 gold pieces
 23013 | Snake:2  | Bought a twisted bronze wand for 108 gold pieces
 23013 | Snake:2  | Bought a scroll of fear for 108 gold pieces
 23442 | Snake:2  | Identified the +1 helmet of Guicu {Will+ Regen+ Str+3}
 23697 | Snake:2  | Reached skill level 17 in Spellcasting
 25679 | Snake:3  | Found a snail-covered altar of Cheibriados.
 25742 | Snake:3  | Reached XP level 17. HP: 138/138 MP: 0/0
 25742 | Snake:3  | Learned a level 7 spell: Monstrous Menagerie
 25882 | Snake:3  | Reached *** piety under Ashenzari
 26234 | Snake:3  | Found Sorph's Assorted Antiques.
 26237 | Snake:3  | Bought a scroll of vulnerability for 92 gold pieces
 26237 | Snake:3  | Bought a short bone wand for 92 gold pieces
 26237 | Snake:3  | Bought a wand of mindburst (10) for 322 gold pieces
 26237 | Snake:3  | Bought a scroll of fog for 92 gold pieces
 26237 | Snake:3  | Bought a potion of heal wounds for 115 gold pieces
 26334 | Snake:4  | Entered Level 4 of the Snake Pit
 26334 | Snake:4  | Noticed Mara
 26349 | Snake:4  | Noticed RascalDebosk's illusion
 26351 | Snake:4  | Killed Mara
 26762 | Snake:4  | Found Tilut's Distillery.
 26768 | Snake:4  | Bought a potion of resistance for 160 gold pieces
 26877 | Snake:4  | Reached skill level 18 in Spellcasting
 27457 | Snake:4  | Got a serpentine rune of Zot
 27576 | Snake:4  | Reached XP level 18. HP: 151/151 MP: 0/0
 27801 | Snake:4  | Noticed Vashnia
 27831 | Snake:4  | Killed Vashnia
 28478 | Shoals:1 | Entered Level 1 of the Shoals
 28488 | Shoals:1 | Found Hepesyl's Antique Armour Shoppe.
 28929 | Shoals:1 | Bought a glowing cloak for 232 gold pieces
 29001 | Shoals:1 | Reached skill level 19 in Spellcasting
 29566 | Shoals:2 | Noticed Polyphemus
 29575 | Shoals:2 | Killed Polyphemus
 29662 | Shoals:2 | Found a runed translucent gate.
 29662 | Shoals:2 | Found a runed translucent gate.
 29662 | Shoals:2 | Found a runed translucent gate.
 29778 | Shoals:2 | Noticed Mecsish's ghost (adept AtWn)
 29782 | Shoals:2 | Identified the +11 falchion "Rourchel" {vorpal, Int+3}
 29784 | Shoals:2 | Identified the Volume of Earth and Vapour
 29785 | Shoals:2 | Identified the +1 pair of gloves "Tejyigro" {Dex+3}
 29863 | Shoals:2 | Killed Mecsish's ghost
 29933 | Shoals:2 | Noticed Kirke
 29947 | Shoals:2 | Killed Kirke
 31311 | Shoals:3 | Reached XP level 19. HP: 150/159 MP: 0/0
 31311 | Shoals:3 | Learned a level 6 spell: Dispersal
 31313 | Shoals:3 | Found Fibbel's Overcharged Wands.
 31967 | Shoals:4 | Entered Level 4 of the Shoals
 32221 | Shoals:4 | Noticed Ilsuiw
 32237 | Shoals:4 | Killed Ilsuiw
 32454 | Shoals:4 | Reached skill level 20 in Spellcasting
 32756 | Shoals:4 | Noticed Mlioglotl
 32767 | Shoals:4 | Killed Mlioglotl
 33032 | Shoals:4 | Got a barnacled rune of Zot
 33176 | Shoals:4 | Identified the +4 quarterstaff of Peril {venom, rF- rCorr
                  | Int+7}
 33592 | D:12     | Killed Zocoaz's ghost
 33781 | D:13     | Found a transporter.
 33793 | D:13     | Found a transporter.
 34211 | D:13     | Found a gate to the Vaults.
 34423 | D:13     | Found a runed translucent gate.
 34423 | D:13     | Found a runed translucent gate.
 34423 | D:13     | Found a runed translucent gate.
 34424 | D:13     | Noticed KennySheep's ghost (journeyman DgCj)
 35561 | D:14     | Identified the +5 rapier of Grandeur {elec, Str+6}
 35565 | D:14     | Found a frozen archway.
 35884 | D:14     | Reached XP level 20. HP: 169/169 MP: 0/0
 36368 | D:15     | Entered Level 15 of the Dungeon
 36372 | D:15     | Noticed Josephine
 36379 | D:15     | Killed Josephine
 37728 | D:15     | Reached skill level 21 in Spellcasting
 37731 | D:15     | Found a staircase to the Depths.
 37941 | Vaults:1 | Entered Level 1 of the Vaults
 38366 | Vaults:1 | Found a flickering gateway to a bazaar.
 38380 | Bazaar   | Entered a bazaar
 38380 | Bazaar   | Found Lupapp's Distillery.
 38380 | Bazaar   | Found Sofiab's Magic Scroll Emporium.
 38380 | Bazaar   | Found Ganeul's Book Shop.
 38380 | Bazaar   | Found Qibywat's Magic Scroll Shoppe.
 38382 | Bazaar   | Found Haidocea's Jewellery Boutique.
 38382 | Bazaar   | Found Useovoi's Book Shoppe.
 39736 | Vaults:1 | Noticed Asterion
 39743 | Vaults:1 | Killed Asterion
 40048 | Vaults:2 | Reached XP level 21. HP: 161/177 MP: 0/0
 40048 | Vaults:2 | Learned a level 8 spell: Borgnjor's Revivification
 40417 | Vaults:2 | Reached skill level 22 in Spellcasting
 40491 | Vaults:2 | Killed from afar by an ironbound frostheart

Illustrated notes

Levels and vault maps discovered:
D:1:      mainiacjoe_arrival_reflecting_pool, layout_basic,
          minmay_misc_feat_roman
D:2:      layout_loops_ring, minmay_split_cup_large, uniq_natasha
D:3:      layout_rooms, ebering_ghost_disaster_area
D:4:      layout_rooms, trog_book, lemuel_crystal_altar
D:5:      layout_basic, mainiacjoe_overflow_24_doors, minmay_temple_entry_grid
D:6:      lemuel_ratsnest, layout_basic, serial_shops,
          nicolae_shop_bloodbath_and_beyond, uniq_edmund, uniq_sigmund,
          uniq_blork_the_orc
D:7:      nzn_winding_woodlands_small [nzn_winding_woodlands_5x15_sawtooth,
          nzn_winding_woodlands_center_diamonds,
          nzn_winding_woodlands_5x15_longhouse], layout_loops_corners,
          palyth_stone_intersect
D:8:      layout_loops_cross, mainiacjoe_overflow_boulevard,
          grunt_lair_entry_orc_guard_hut, hangedman_abyss_or_decor_passed,
          minmay_chambers_of_fives
D:9:      layout_grid_maze, grunt_qazlal_sundering, orc_0_dummy, special_room
          [special_room_orc]
D:10:     layout_basic, mainiacjoe_overflow_alcove_2, serial_shops,
          kennysheep_little_box
D:11:     layout_long_grid, enter_trove_2, hangedman_abyss_or_decor_stagger,
          grunt_decor_cap, hangedman_ru_absence, uniq_urug, uniq_sonja,
          uniq_lodul, uniq_psyche
D:12:     layout_roguey, gammafunk_ghost_spectres
D:13:     gammafunk_wand_slinger, layout_cave_pods, erik_vaults_2,
          gammafunk_ghost_fury_of_okawaru
D:14:     layout_layer_cave, nicolae_triple_integral, serial_ice, serial_ice_i,
          serial_ice_f, serial_ice_c, serial_ice_d, serial_ice_a, serial_ice_o,
          serial_ice_n, portal_ice_cave_entry_ice_statue_two
D:15:     gammafunk_enter_depths_forms, layout_rooms, uniq_josephine
Temple:   nicolae_temple_bog_church
Lair:1:   layout_hall_layers, gauntlet_entry_generic,
          nicolae_lair_grove_arrangements, nicolae_lair_run_with_the_wolves,
          grunt_megastairs_3, lemuel_fruit_fields
Lair:2:   layout_cellular_growth, minmay_shoals_entry_hut,
          minmay_snake_entry_guardpost_small, lemuel_oklob_altar,
          serial_bayou_shore_b
Lair:3:   layout_layer_cave, st_stairs_10
Lair:4:   layout_regular_city
Lair:5:   hellmonk_lair_end_abyssal_woods, layout_misc_corridors,
          nicolae_slime_entry_slimehenge, lemuel_fruit_fields
Shoals:1: layout_shoals, serial_shops, nicolae_shop_behind_doors
Shoals:2: layout_shoals, gammafunk_ghost_split, uniq_kirke, uniq_polyphemus
Shoals:3: layout_shoals, nicolae_shop_overcharged_wands
Shoals:4: shoals_end_hangedman, layout_shoals, shoal_ilsuiw, yaktaur_hedge,
          uniq_mlioglotl
Snake:1:  layout_chambers
Snake:2:  layout_chambers, st_stairs_12, serial_bayou_shore_b,
          serial_bayou_shore_a, minmay_shop_star, grunt_megastairs_2
Snake:3:  layout_rooms, serial_shops, nicolae_shop_behind_doors,
          nicolae_snake_double_loop, lemuel_altar_in_water2
Snake:4:  snake_pit, layout_misc_corridors, serial_shops, shop, uniq_mara,
          uniq_vashnia
Orc:1:    layout_diamond_mine, mines4_lemuel, uniq_erica, uniq_fannar
Orc:2:    kennysheep_orc_mage_school, layout_caves, serial_shops, shop_statue,
          basic_altar
Vaults:1: v_misc_28, vaults_room_guarded_vault, nicolae_vaults_little_squares_6,
          hangedman_vaults_nails, v_misc_14, ontoclasm_vaults_fault,
          nicolae_vaults_triangles, ontoclasm_vaults_loading_screen, v_misc_2,
          layout_vaults_omnigrid, serial_shops, bzr_entry_gold, uniq_asterion
Vaults:2: nicolae_vaults_circle_grid_b, v_rooms_6, v_alt_pattern_4, v_misc_25,
          v_misc_11, nicolae_vaults_little_squares_6, v_alt_pattern_5,
          nicolae_vaults_yaktaur_gun_rack, vaults_mumra_minichess_inversion,
          v_misc_5, layout_vaults_maze_snakey

Skill      XL: |  1  2  3  4  5  6  7  8  9 10 11 12 13 14 15 16 17 18 19 20 21 |
---------------+----------------------------------------------------------------+-----
Spellcasting   | 4 5 6 8 9 11 12 13 14 16 17 18 19 20 21 22 | 22.1
Fighting       | 1 2 3 4 6 7 9 10 11 13 14 15 16 17 18 19 20 | 20.2
Armour         | 1 2 4 5 7 |  7.0
Evocations     | 1 5 |  5.0
Shields        | 4 5 |  5.0
Dodging        | 5 |  5.0
Stealth        | |  1.5

Action                   |  1- 3 |  4- 6 |  7- 9 | 10-12 | 13-15 | 16-18 | 19-21 || total
-------------------------+-------+-------+-------+-------+-------+-------+-------++-------
Melee: Falchion          |       |     1 |    15 |       |       |    25 |    28 ||    69
       Long sword        |       |       |     8 |       |       |       |       ||     8
       Great sword       |       |       |       |    41 |       |       |       ||    41
       Scimitar          |       |       |       |    20 |    35 |    14 |       ||    69
       Demon blade       |       |       |       |       |       |     4 |       ||     4
 Cast: Magic Dart        |    55 |    61 |    60 |    45 |    51 |     1 |     1 ||   274
       Searing Ray       |     2 |     7 |    30 |    46 |    52 |     6 |     4 ||   147
       Fulminant Prism   |       |     8 |    17 |    24 |    36 |     5 |     4 ||    94
       Iskenderun's Myst |       |     8 |    44 |    89 |   118 |    67 |    19 ||   345
       Wereblood         |       |       |     1 |       |       |       |       ||     1
       Lesser Beckoning  |       |       |     2 |       |       |       |       ||     2
       Swiftness         |       |       |     1 |       |       |     1 |       ||     2
       Summon Lightning  |       |       |       |    18 |    73 |   100 |    68 ||   259
       Freezing Cloud    |       |       |       |       |    82 |   194 |   108 ||   384
       Starburst         |       |       |       |       |    54 |   104 |   212 ||   370
       Monstrous Menager |       |       |       |       |       |     6 |     7 ||    13
Invok: Curse Item        |       |       |       |       |     2 |     2 |       ||     4
 Abil: Evoke Blink       |       |       |       |       |     1 |     1 |       ||     2
Evoke: Box of beasts     |       |       |       |       |       |     1 |       ||     1
  Use: Scroll            |       |       |     9 |    11 |     9 |     4 |     1 ||    34
       Potion            |       |       |       |     1 |     3 |     1 |       ||     5
 Stab: Distracted        |       |       |       |     1 |       |       |       ||     1
Armor: Leather armour    |       |     1 |    17 |    39 |       |       |       ||    57
       Troll leather arm |       |       |       |     1 |    35 |    90 |    65 ||   191
Dodge: Dodged            |     4 |     7 |    28 |    76 |    50 |    96 |   119 ||   380
Block: Buckler           |       |       |       |     4 |    39 |   101 |   106 ||   250
       Reflection        |       |       |       |     1 |    13 |    51 |    54 ||   119

Table legend: (Time is in decaauts)
 A = Elapsed time spent in this place.
 B = Non-inter-level travel time spent in this place.
 C = Inter-level travel time spent in this place.
 D = Time resting spent in this place.
 E = Time spent auto-exploring this place.
 F = Levels seen in this place.
 G = Mean time per level.
                   A        B        C        D        E       F      G
               +--------+--------+--------+--------+--------+-----+--------+
         Total |  40581 |  39324 |   1257 |  11323 |  18452 |  35 | 1159.5 |
       Dungeon |  15393 |  14755 |    638 |   2671 |   8813 |  15 | 1026.2 |
        Temple |    190 |    190 |      0 |      0 |    169 |   1 |  190.0 |
          Lair |   7755 |   7626 |    129 |   2677 |   3408 |   5 | 1551.0 |
        Shoals |   4909 |   4758 |    151 |   1530 |   2045 |   4 | 1227.2 |
     Snake Pit |   8152 |   7916 |    236 |   3587 |   2621 |   4 | 2038.0 |
  Orcish Mines |   1294 |   1222 |     72 |    133 |    544 |   2 |  647.0 |
        Vaults |   2497 |   2467 |     30 |    719 |    801 |   2 | 1248.5 |
        Bazaar |     53 |     53 |      0 |      0 |      0 |   1 |   53.0 |
      Gauntlet |    332 |    332 |      0 |      6 |     51 |   1 |  332.0 |
               +--------+--------+--------+--------+--------+-----+--------+

Top non-repeatable levels by time:
 Snake:2: 2647 daAuts
 Snake:1: 2135 daAuts
 Snake:4: 1995 daAuts
  Lair:2: 1967 daAuts
Vaults:1: 1921 daAuts
  Lair:5: 1887 daAuts
  Lair:1: 1585 daAuts
  Lair:3: 1555 daAuts
    D:14: 1548 daAuts
    D:15: 1511 daAuts
     D:6: 1453 daAuts
Shoals:3: 1405 daAuts
 Snake:3: 1374 daAuts
Shoals:4: 1342 daAuts
     D:9: 1298 daAuts
